 Dungeon Crawl Stone Soup version 0.29.0-13-gc9e81de378 (webtiles) character file.

Game seed: 13815466435615626255

11 ILmort the Conjurer (level 2, -4/20 HPs)
             Began as a Draconian Conjurer on Sept 10, 2022.
             Slain by a gnoll
             ... wielding a +0 whip
              (6 damage)
             ... on level 1 of the Dungeon.
             The game lasted 00:02:25 (317 turns).

ILmort the Conjurer (Draconian Conjurer)             Turns: 317, Time: 00:02:26

Health: -4/20      AC:  4    Str:  9    XL:     2   Next: 13%
Magic:  1/5        EV: 12    Int: 18    God:
Gold:   49         SH:  0    Dex:  9    Spells: 4/5 levels left

rFire   . . .      SeeInvis .   c - +0 dagger
rCold   . . .      Faith    .   (no shield)
rNeg    . . .      Spirit   .   (body armour unavailable)
rPois   .          Reflect  .   (helmet restricted)
rElec   .          Harm     .   (no cloak)
rCorr   .          Rampage  .   (no gloves)
Will    .....                   (no boots)
Stlth   ++........              (no amulet)
HPRegen 0.06/turn               (no ring)
MPRegen 0.09/turn               (no ring)

@: no status effects
A: AC +4, unfitting armour, cold-blooded
a: no special abilities


You were on level 1 of the Dungeon.
You visited 1 branch of the dungeon, and saw 1 of its levels.

You collected 49 gold pieces.

Inventory:

Hand Weapons
 c - a +0 dagger (weapon)
Scrolls
 b - 2 scrolls of identify {unknown}
Potions
 a - a potion of magic
 d - a potion of heal wounds {unknown}


   Skills:
 - Level 1.7 Dodging
 - Level 1.7 Stealth
 - Level 2.0 Spellcasting
 * Level 4.5 Conjurations


You had 4 spell levels left.
You knew the following spells:

 Your Spells              Type           Power      Damage    Failure   Level
a - Magic Dart            Conj           72%        1d6       2%          1

Your spell library contained the following spells:

 Spells                   Type           Power      Damage    Failure   Level
 Searing Ray              Conj           36%        2d5       4%          2
 Foxfire                  Conj/Fire      36%        2x1d5     7%          1
 Conjure Flame            Conj/Fire      9%         6-21      22%         3
 Dazzling Flash           Conj/Hex       18%        N/A       22%         3
 Inner Flame              Hex/Fire       1%         N/A       47%         3
 Flame Wave               Conj/Fire      9%         2d6       56%         4
 Fulminant Prism          Conj/Hex       4%         3d6       56%         4
 Iskenderun's Mystic Bla  Conj/Tloc      9%         2d4       56%         4


Dungeon Overview and Level Annotations

Branches:
Dungeon (1/15)

Altars:


Innate Abilities, Weirdness & Mutations

Your plain brown scales are hard. (AC +4)
You cannot fit into any form of body armour.
You are cold-blooded and may be slowed by cold attacks.


Message History

You kill the rat!
A goblin comes into view. It is wielding a +0 dagger.
A kobold comes into view. It is wielding a +0 dagger.
Found 11 gold pieces.
The kobold shouts!
The kobold hits you with a +0 dagger.
Casting: Magic Dart (safe; 2% risk of failure)
Aiming: Magic Dart (safe; 2% risk of failure)
Aim: a kobold, wielding a +0 dagger and quivering stones (100% to hit)
The magic dart hits the kobold.
You kill the kobold!
A gnoll comes into view. It is wielding a +0 whip.
You barely miss the giant cockroach. The giant cockroach barely misses you.
You hit the giant cockroach but do no damage.
The giant cockroach bites you but does no damage.
You closely miss the giant cockroach. The giant cockroach closely misses you.
The gnoll closely misses you.
You barely miss the giant cockroach. The giant cockroach barely misses you.
The gnoll closely misses you. The goblin misses you.
You hit the giant cockroach but do no damage.
The giant cockroach bites you but does no damage.
The gnoll hits you but does no damage. The goblin barely misses you.
The giant cockroach bites you but does no damage.
Casting: Magic Dart (safe; 2% risk of failure)
You don't have enough magic to cast this spell.
Unknown command.
You hit the giant cockroach. The gnoll hits you but does no damage.
The goblin hits you with a +0 dagger. The giant cockroach misses you.
You hit the giant cockroach. The gnoll hits you with a +0 whip!
* * * LOW HITPOINT WARNING * * *
The goblin hits you but does no damage. The giant cockroach misses you.
You hit the giant cockroach.
The giant cockroach bites you but does no damage.
The gnoll hits you with a +0 whip.
* * * LOW HITPOINT WARNING * * *
The goblin hits you but does no damage.
You hit the giant cockroach.
You kill the giant cockroach!
The gnoll hits you with a +0 whip.
You die...

.#####........# .#
...#.....###### ...
#....###†# ....
#....#$#.# #..###..
#.##.##
...#...#.#....######.#
#... #.##............
#..g#†#...###.#####.#
#@##.......# #.#
#..g#...#.###.#####.#
#...#.....# #..>..#.#
#$..#...### #......).
#####..## ###......
...)...## #......
.##.#### ####..# #
#..# #..#


You could see a gnoll and a goblin.

Vanquished Creatures
  A bat (D:1)
  An endoplasm (D:1)
  A giant cockroach (D:1)
  A goblin (D:1)
  2 kobolds (D:1)
  A ball python (D:1)
  A frilled lizard (D:1)
  4 rats (D:1)
12 creatures vanquished.

Notes
Turn   | Place    | Note
-------+----------+-------------------------------------------
     0 | D:1      | ILmort the Draconian Conjurer began the quest for the Orb.
     0 | D:1      | Reached XP level 1. HP: 14/14 MP: 3/3
   295 | D:1      | Reached XP level 2. HP: 19/20 MP: 0/5
   317 | D:1      | Slain by a gnoll

Illustrated notes

Levels and vault maps discovered:
D:1:      dpeg_arrival_pond, layout_rooms, basic_ecumenical_altar, minmay_vboxes

Action                   || total
-------------------------++-------
Melee: Unarmed           ||    11
       Dagger            ||    16
 Cast: Magic Dart        ||     9
Armor: Skin              ||    18
Dodge: Dodged            ||    19
